 Dungeon Crawl Stone Soup version 0.23.2-1-ga50397a (webtiles) character file.

Game seed: 17432871326584720027

8061 myga the Spear-Bearer (level 11, -6/87 HPs)
             Began as a Merfolk Gladiator on May 10, 2019.
             Was an Elder of Trog.
             Mangled by a death yak (26 damage)
             ... on level 10 of the Dungeon.
             The game lasted 00:50:37 (9723 turns).

myga the Spear-Bearer (Merfolk Gladiator)           Turns: 9723, Time: 00:50:37

Health: -6/87      AC:  9    Str: 20    XL:     11   Next: 25%
Magic:  11/11      EV: 19    Int:  8    God:    Trog [****..]
Gold:   134        SH:  0    Dex: 20    Spells: 10/10 levels left

rFire    . . .     SeeInvis .   a - +0 trident
rCold    + . .     Gourm    .   (no shield)
rNeg     . . .     Faith    .   F - +2 leather armour {rC+}
rPois    .         Spirit   .   v - +2 hat
rElec    .         Reflect  .   (no cloak)
rCorr    .         Harm     .   u - +1 pair of gloves
MR       .....                  (no boots)
Stlth    ++++......             (no amulet)
HPRegen  0.24/turn              N - +4 ring of dexterity
MPRegen  0.12/turn              b - +3 ring of strength

@: berserk cooldown, fainting, slowed, very slow
A: change form in water, swift swim, stealthy swim
a: Berserk, Trog's Hand, Brothers in Arms, Renounce Religion


You were on level 10 of the Dungeon.
You worshipped Trog.
Trog was greatly pleased with you.
You were fainting.

You visited 2 branches of the dungeon, and saw 11 of its levels.
You also visited: Sewer.

You collected 633 gold pieces.
You spent 499 gold pieces at shops.

Inventory:

Hand Weapons
 a - a +0 trident (weapon)
 x - a +1 hunting sling of freezing
Missiles
 d - 3 throwing nets
 h - 5 tomahawks
 n - 231 stones
 o - 50 poisoned needles
 r - 82 sling bullets
 C - 7 tomahawks of returning (quivered)
 O - 2 silver javelins
Armour
 u - a +1 pair of gloves (worn)
 v - a +2 hat (worn)
 F - a +2 leather armour of cold resistance (worn)
 K - a +2 robe of cold resistance
Jewellery
 b - a +3 ring of strength (right hand)
 z - an uncursed ring of positive energy
 N - a +4 ring of dexterity (left hand)
 Q - an uncursed amulet of regeneration {unknown}
Wands
 H - a wand of flame (18)
 L - a wand of iceblast (6)
 P - a wand of acid (8)
Scrolls
 e - a scroll of fear
 g - a scroll of fog
 i - 8 scrolls of teleportation
 k - 5 scrolls of remove curse
 p - a scroll of blinking
 q - 6 scrolls of enchant armour
 y - 2 scrolls of magic mapping
 B - 3 scrolls of immolation
 D - 4 scrolls of enchant weapon
 M - a scroll of vulnerability
 R - a scroll of torment {unknown}
Potions
 c - 2 potions of might
 j - 3 potions of flight
 l - a potion of magic
 m - 2 potions of brilliance
 s - a potion of invisibility
 t - 4 potions of agility
 w - 2 potions of haste
 A - a potion of mutation
 E - a potion of cancellation
 G - a potion of berserk rage
 I - 6 potions of heal wounds
 J - 3 potions of curing
 S - a potion of ambrosia {unknown}
 T - a potion of resistance
Comestibles
 f - 12 rations


   Skills:
 + Level 8.3 Fighting
 + Level 14.8 Polearms
 + Level 5.1 Throwing
 + Level 3.8 Armour
 + Level 8.7 Dodging
 + Level 7.5 Stealth


You had 10 spell levels left.
You didn't know any spells.
Your spell library contained the following spells:

 Spells                   Type           Power        Failure   Level  Hunger
 Corona                   Hex            #......      45%         1    ##.....
 Slow                     Hex            #.......     58%         2    ###....
 Inner Flame              Hex/Fire       #.......     83%         3    ####...
 Portal Projectile        Hex/Tloc       #.....       83%         3    ####...
 Cause Fear               Hex            #.........   99%         4    #####..
 Leda's Liquefaction      Hex/Erth       #.........   99%         4    #####..


Dungeon Overview and Level Annotations

Branches:
Dungeon (10/15)            Temple (1/1) D:7            Lair (0/6) D:10
    Orc: D:9-12

Altars:
Ashenzari
Cheibriados
Dithmenos
Elyvilon
Fedhas
Gozag
Hepliaklqana
Kikubaaqudgha
Makhleb
Nemelex Xobeh
Okawaru
Qazlal
Ru
Sif Muna
Trog
Uskayaw
Vehumet
Wu Jian
Xom
Yredelemnul
Zin
The Shining One

Shops:
D:6 *   D:8 (%   D:9 !


Message History

You puncture the death yak!
The death yak is heavily wounded.
You are too berserk!
You feel a strong urge to attack something.
You are no longer berserk.
You are exhausted.
You feel yourself slow down.
Okay, then.
You feel much better. The death yak gores you.
* * * LOW HITPOINT WARNING * * *
The bullfrog releases a deep croak.
The death yak gores you but does no damage.
The death yak completely misses you. The death yak gores you.
* * * LOW HITPOINT WARNING * * *
Okay, then.
Okay, then.
You are fainting from starvation!
The death yak gores you!!
You die...

... #.##.#
## #.##.#
#.##.#
#S##.#
#F##.# #Y#
#.#
#Y########
#.@.......
##########


You could see 2 death yaks, a bullfrog and an adder.

Vanquished Creatures
  Gastronok (D:8)
  The ghost of whitewolfNL the Grappler, a novice TrBe of Trog (D:9)
  Erica (D:8)
  A death yak (D:10)
  Pikel (D:8)
  Psyche (D:9)
  Prince Ribbit (D:8)
  A hungry ghost (D:8)
  A water moccasin (D:7)
  2 porcupines (D:10)
  2 orc warriors (D:9)
  Purgy (Sewer)
  2 ice beasts
  A necrophage (D:7)
  A sky beast (D:7)
  An eye of draining (D:8)
  4 ogres
  2 phantoms
  2 centaurs
  A big kobold (D:7)
  2 bullfrogs
  5 killer bees (D:9)
  5 wights (D:8)
  3 howler monkeys (D:7)
  A centaur zombie (D:9)
  3 crimson imps
  4 hounds
  4 orc priests
  2 jellies
  6 orc wizards
  2 iguanas (D:4)
  9 worker ants
  2 hound zombies (D:7)
  A hound skeleton (D:6)
  6 adders
  5 shadow imps
  6 oozes
  2 adder skeletons
  3 worms
  5 dart slugs
  6 leopard geckos
  30 orcs
  5 ball pythons
  4 giant cockroaches
  4 goblins
  5 hobgoblins
  11 jackals
  7 kobolds
  6 quokkas
  4 bats
  9 frilled lizards
  A leopard gecko zombie (D:7)
  9 rats
205 creatures vanquished.

Vanquished Creatures (others)
  An adder (D:10)
  An orc (D:3)
2 creatures vanquished.

Grand Total: 207 creatures vanquished

Notes
Turn   | Place    | Note
-------+----------+-------------------------------------------
     0 | D:1      | myga the Merfolk Gladiator began the quest for the Orb.
     0 | D:1      | Reached XP level 1. HP: 16/16 MP: 1/1
    52 | D:1      | Reached XP level 2. HP: 22/22 MP: 2/2
   414 | D:1      | Reached skill level 5 in Polearms
   414 | D:1      | Reached XP level 3. HP: 22/28 MP: 3/3
   852 | D:2      | Found an iron altar of Okawaru.
  1413 | D:2      | Reached skill level 5 in Dodging
  1556 | D:2      | Reached XP level 4. HP: 34/34 MP: 4/4
  2066 | D:3      | Found a glowing silver altar of Zin.
  2078 | D:3      | Found a shadowy altar of Dithmenos.
  2165 | D:3      | Found a bloodstained altar of Trog.
  2177 | D:3      | Became a worshipper of Trog the Wrathful
  2235 | D:3      | Found a glowing golden altar of the Shining One.
  2235 | D:3      | Found a basalt altar of Yredelemnul.
  2312 | D:3      | Noticed an angel
  2540 | D:3      | Reached skill level 6 in Polearms
  2540 | D:3      | Reached skill level 1 in Stealth
  2540 | D:3      | Reached XP level 5. HP: 7/40 MP: 5/5
  2540 | D:3      | HP: 2/60 [orc priest/+0 mace (5)]
  2541 | D:3      | Reached skill level 1 in Armour
  2978 | D:3      | Reached XP level 6. HP: 39/47 MP: 6/6
  2983 | D:3      | Reached * piety under Trog
  3086 | D:3      | Noticed a profane servitor
  3152 | D:3      | Reached skill level 7 in Polearms
  3259 | D:4      | Found a shattered altar of Ashenzari.
  3442 | D:4      | Found a white marble altar of Elyvilon.
  3458 | D:4      | Found a radiant altar of Vehumet.
  3554 | D:4      | Reached XP level 7. HP: 48/52 MP: 7/7
  3690 | D:4      | Reached skill level 8 in Polearms
  3806 | D:5      | Entered Level 5 of the Dungeon
  3880 | D:5      | Found a hide-covered altar of Uskayaw.
  3952 | D:5      | HP: 3/78 [poisoned by an orc wizard]
  4004 | D:5      | Reached ** piety under Trog
  4431 | D:5      | Reached skill level 9 in Polearms
  4569 | D:5      | Reached XP level 8. HP: 60/60 MP: 8/8
  4951 | D:6      | Found Mageumm's Assorted Antiques.
  5024 | D:6      | Found a burning altar of Makhleb.
  5133 | D:6      | Found a glowing drain.
  5140 | Sewer    | Entered a sewer
  5168 | Sewer    | Noticed Purgy
  5190 | Sewer    | Killed Purgy
  5901 | D:6      | Reached skill level 10 in Polearms
  6552 | D:7      | Found a staircase to the Ecumenical Temple.
  6613 | D:7      | Reached skill level 5 in Fighting
  6613 | D:7      | Reached skill level 11 in Polearms
  6613 | D:7      | Reached XP level 9. HP: 46/68 MP: 9/9
  6648 | Temple   | Entered the Ecumenical Temple
  6951 | D:7      | Reached *** piety under Trog
  7451 | D:8      | Found Zagu's Food Shop.
  7517 | D:8      | Reached skill level 5 in Stealth
  7518 | D:8      | Reached skill level 12 in Polearms
  7562 | D:8      | Found Zusky's Weapon Shop.
  7568 | D:8      | Noticed Prince Ribbit
  7579 | D:8      | Killed Prince Ribbit
  7596 | D:8      | Found Curghoyj's Distillery.
  7707 | D:8      | Found a sparkling altar of Nemelex Xobeh.
  7745 | D:8      | Noticed Gastronok
  7760 | D:8      | Killed Gastronok
  7760 | D:8      | Reached skill level 13 in Polearms
  7760 | D:8      | Reached XP level 10. HP: 77/77 MP: 10/10
  7880 | D:8      | Noticed Pikel
  7896 | D:8      | Killed Pikel
  7963 | D:8      | Noticed Erica
  7983 | D:8      | Killed Erica
  7983 | D:8      | Reached skill level 14 in Polearms
  8180 | D:9      | Found a large runed translucent door.
  8180 | D:9      | Found a large runed translucent door.
  8184 | D:9      | Noticed whitewolfNL's ghost (novice TrBe)
  8200 | D:9      | Found Lerog's Distillery.
  8235 | D:9      | Noticed Psyche
  8243 | D:9      | Killed Psyche
  8243 | D:9      | Reached skill level 5 in Throwing
  8268 | D:9      | Received a gift from Trog
  8603 | D:9      | Reached XP level 11. HP: 25/84 MP: 11/11
  8952 | D:9      | Reached **** piety under Trog
  9062 | D:9      | Killed whitewolfNL's ghost
  9498 | D:6      | Bought a thick platinum amulet for 125 gold pieces
  9498 | D:6      | Bought a grey potion for 22 gold pieces
  9634 | D:9      | Bought a potion of might for 44 gold pieces
  9634 | D:9      | Bought a potion of heal wounds for 55 gold pieces
  9634 | D:9      | Bought a potion of heal wounds for 55 gold pieces
  9634 | D:9      | Bought a potion of heal wounds for 55 gold pieces
  9634 | D:9      | Bought a potion of curing for 33 gold pieces
  9634 | D:9      | Bought a potion of resistance for 110 gold pieces
  9650 | D:10     | Entered Level 10 of the Dungeon
  9664 | D:10     | Noticed a death yak
  9679 | D:10     | Found a staircase to the Lair.
  9679 | D:10     | Noticed a death yak
  9679 | D:10     | Noticed a death yak
  9705 | D:10     | Killed a death yak
  9709 | D:10     | HP: 2/130 [death yak (20)]
  9723 | D:10     | Mangled by a death yak

Skill      XL: |  1  2  3  4  5  6  7  8  9 10 11 |
---------------+----------------------------------+-----
Polearms       | 5 6 7 9 11 13 14 | 14.8
Dodging        | 5 6 7 8 |  8.7
Stealth        | 1 2 4 6 7 |  7.5
Armour         | 1 2 3 |  3.8
Fighting       | 3 5 6 7 8 |  8.3
Throwing       | 3 4 5 |  5.1

Action                   |  1- 3 |  4- 6 |  7- 9 | 10-12 || total
-------------------------+-------+-------+-------+-------++-------
Melee: Trident           |   104 |   180 |   454 |   200 ||   938
       Tailslap          |       |       |     5 |       ||     5
Throw: Throwing net      |     1 |       |       |       ||     1
       Stone             |     9 |    30 |    38 |       ||    77
       Tomahawk          |       |     2 |    18 |     3 ||    23
Invok: Berserk           |       |       |     6 |     5 ||    11
       Trog's Hand       |       |       |       |     1 ||     1
  Use: Scroll            |     1 |     8 |    13 |     1 ||    23
       Potion            |       |     2 |     2 |     1 ||     5
 Stab: Sleeping          |     2 |     3 |    20 |     4 ||    29
  Eat: Chunk             |     2 |     7 |    16 |     6 ||    31
       Ration            |       |       |     1 |     1 ||     2
Armor: Leather armour    |    18 |    32 |    65 |    11 ||   126
Dodge: Dodged            |    54 |    92 |   208 |    93 ||   447
